 Dungeon Crawl Stone Soup version 0.31-a0-845-g9abc20d24f (webtiles) character file.

Game seed: 14169460538769493485

291 BinkBink the Sneak (level 6, -1/28 HPs)
             Began as a Spriggan Conjurer on Oct 2, 2023.
             Succumbed to an adder's poison
             ... on level 4 of the Dungeon.
             The game lasted 00:08:13 (6461 turns).

BinkBink the Sneak (Spriggan Conjurer)              Turns: 6461, Time: 00:08:15

Health: -1/28      AC:  2    Str:  3    XL:     6   Next: 10%
Magic:  6/13       EV: 18    Int: 21    God:
Gold:   255        SH:  0    Dex: 14    Spells: 11/14 levels left

rFire   . . .        (weapon restricted)
rCold   . . .        (no shield)
rNeg    . . .        a - +0 robe
rPois   .            (helmet restricted)
rElec   .            (no cloak)
rCorr   .            (gloves unavailable)
SInv    +            (boots unavailable)
Will    +....        (no amulet)
Stlth   +++          k - +4 ring of slaying
HPRegen 0.24/turn    (no ring)
MPRegen 0.13/turn

%: no passive effects
@: lethally poisoned (-1 -> -7), very quick
A: very small, no large weapons, unfitting armour, see invisible, speed 3
a: no special abilities


You were on level 4 of the Dungeon.
You visited 1 branch of the dungeon, and saw 5 of its levels.

You collected 255 gold pieces.

Inventory:

Armour
 a - a +0 robe (worn)
Jewellery
 k - a +4 ring of slaying (left hand)
 o - a ring of protection from cold
 p - a +6 ring of strength
Talismans
 d - a flux talisman
Scrolls
 e - 2 scrolls of fog
 g - a scroll of enchant weapon {unknown}
 i - a scroll of revelation {unknown}
 l - a scroll of identify {unknown}
 m - 2 scrolls of immolation {unknown}
 n - a scroll of amnesia {unknown}
 q - a scroll of fear {unknown}
Potions
 b - 3 potions of magic
 c - 3 potions of degeneration {unknown}
 f - 3 potions of brilliance {unknown}
 h - 2 potions of curing {unknown}
 j - a potion of heal wounds {unknown}
 r - a potion of haste {unknown}
 s - a potion of berserk rage {unknown}
 t - 2 potions of attraction {unknown}


   Skills:
 + Level 4.8 Dodging
 + Level 5.6 Stealth
 + Level 4.5 Spellcasting
 + Level 3.8 Conjurations


You had 11 spell levels left.
You knew the following spells:

 Your Spells              Type           Power      Damage    Failure   Level
a - Magic Dart            Conj           80%        1d7       2%          1
b - Searing Ray           Conj           40%        2d5       3%          2

Your spell library contained the following spells:

 Spells                   Type           Power      Damage    Failure   Level
 Apportation              Tloc           8%         N/A       12%         1
 Necrotise                Necr           16%        1d4       12%         1
 Summon Small Mammal      Summ           16%        N/A       12%         1
 Dazzling Flash           Conj/Hex       24%        N/A       16%         3
 Fulminant Prism          Conj/Hex       6%         3d7       45%         4
 Iskenderun's Mystic Bla  Conj/Tloc      12%        2d5       45%         4


Dungeon Overview and Level Annotations

Branches:
Dungeon (5/15)
 Temple: D:4-7

Altars:
Cheibriados


Innate Abilities, Weirdness & Mutations

You are very small and have problems with some larger weapons.
You are too small for most types of armour.
You have supernaturally acute eyesight. (SInv)
You cover ground extremely quickly. (Speed+++)


Message History

You climb upwards.
There is a stone staircase leading down here.
Magic restored.
Done exploring.
You climb downwards.
There is a stone staircase leading up here.
The magic dart hits the gnoll.
The gnoll is moderately wounded.
The magic dart hits the gnoll but does no damage.
The gnoll is moderately wounded.
The magic dart hits the gnoll.
The gnoll is heavily wounded.
The magic dart hits the gnoll.
The gnoll is heavily wounded.
The gnoll hits you from afar with a +0 spear.
The magic dart hits the gnoll but does no damage.
The gnoll is heavily wounded.
The gnoll closely misses you. The adder completely misses you.
The magic dart hits the adder.
The adder is moderately wounded.
The gnoll misses you. The adder misses you.
The magic dart hits the adder!
The adder is almost dead.
The gnoll closely misses you. The adder bites you.
You are poisoned.
The adder poisons you!
The magic dart hits the adder but does no damage.
The adder is almost dead.
You feel sick. The adder bites you but does no damage.
The gnoll hits you from afar with a +0 spear!
The adder bites you.
You are more poisoned.
The adder poisons you!
You feel sick.
The gnoll hits you from afar with a +0 spear!
* * * LOW HITPOINT WARNING * * *
The adder bites you.
* * * LOW HITPOINT WARNING * * *
You climb upwards.
You die...

###..#.#.....##.........## #.#.
.............##...#.#.#.######.#.
..#..#.#.........................
#.#..#.#.....##...#..##.#####....
..................#..#####.......
..#..#.###........#..# #.##....
...........)......#..# #.##..#.
..#..#.###...#....#..# #.##....
................@S...# #.##.#..
..#......#...##.#.##.# #.##....
#.#..#####...##.#.##.#####.##.#..
#.#..#####.......................
...........................##.#.#
.............##.#.#..............
..).......#............######)#.#
#.#..#...##......................
..............#.#.#.##.####.###.#


You could see an adder.

Vanquished Creatures
  2 hounds
  2 orc priests
  An iguana (D:4)
  Robin (D:2)
  3 gnolls (D:5)
  2 adders
  3 worms
  A dart slug (D:2)
  13 orcs
  9 endoplasms
  4 goblins (D:2)
  8 hobgoblins
  4 kobolds
  A quokka (D:4)
  9 ball pythons
  4 bats
  3 rats
70 creatures vanquished.

Notes
Turn   | Place    | Note
-------+----------+-------------------------------------------
     0 | D:1      | BinkBink the Spriggan Conjurer began the quest for the Orb.
     0 | D:1      | Reached XP level 1. HP: 9/9 MP: 5/5
   293 | D:1      | Reached XP level 2. HP: 13/13 MP: 4/6
  1768 | D:2      | Reached XP level 3. HP: 16/16 MP: 5/8
  1890 | D:2      | Reached skill level 4 in Stealth
  1960 | D:2      | Noticed Robin
  2075 | D:2      | Killed Robin
  2812 | D:3      | Found a snail-covered altar of Cheibriados.
  2961 | D:3      | Reached XP level 4. HP: 21/21 MP: 4/10
  3061 | D:3      | Identified the +3 ring mail "Laur Nuo" {rF+ rC+ Str+2
                  | Dex-3}
  4765 | D:4      | Reached XP level 5. HP: 24/24 MP: 2/11
  4974 | D:4      | Reached skill level 5 in Stealth
  5673 | D:3      | Learned a level 2 spell: Searing Ray
  6184 | D:5      | Entered Level 5 of the Dungeon
  6308 | D:5      | Reached XP level 6. HP: 25/28 MP: 5/13
  6460 | D:5      | HP: 1/28 [adder (3)]
  6461 | D:4      | Succumbed to an adder's poison

Illustrated notes

Levels and vault maps discovered:
D:1:      sevenhm_arrival_forest_fort_large_2, layout_basic
D:2:      layout_loops_ring, minmay_heptomino_h4, uniq_robin
D:3:      layout_basic, cheibriados_altar_1, chequers_big_river
D:4:      layout_basic
D:5:      layout_layer_cave

Skill      XL: |  1  2  3  4  5 |
---------------+----------------+-----
Conjurations   | 3 |  3.8
Dodging        | 3 4 |  4.8
Spellcasting   | 3 4 |  4.5
Stealth        | 4 5 |  5.6

Action                     |  1- 3 |  4- 6 || total
---------------------------+-------+-------++-------
  Melee: Unarmed           |     8 |       ||     8
   Cast: Magic Dart        |   108 |   207 ||   315
    Use: Scroll            |     1 |       ||     1
 Armour: Robe              |    12 |    21 ||    33
  Dodge: Dodged            |    36 |    48 ||    84

Table legend: (Time is in decaauts)
 A = Elapsed time spent in this place.
 B = Non-inter-level travel time spent in this place.
 C = Inter-level travel time spent in this place.
 D = Time resting spent in this place.
 E = Time spent auto-exploring this place.
 F = Levels seen in this place.
 G = Mean time per level.
                   A        B        C        D        E       F      G
               +--------+--------+--------+--------+--------+-----+--------+
         Total |   4948 |   4831 |    117 |    279 |   3847 |   5 |  989.6 |
       Dungeon |   4948 |   4831 |    117 |    279 |   3847 |   5 |  989.6 |
               +--------+--------+--------+--------+--------+-----+--------+

Top non-repeatable levels by time:
     D:3: 1462 daAuts
     D:4: 1250 daAuts
     D:2: 1087 daAuts
     D:1: 990 daAuts
     D:5: 157 daAuts
